 Dungeon Crawl Stone Soup version 0.31.0-11-ge490571c62 (webtiles) character file.

Game seed: 14009417850928798634

183 qw the Shooter (level 5, 0/26 HPs)
             Began as a Spriggan Hunter on Feb 4, 2024.
             Killed from afar by Sigmund (11 damage)
             ... with a puff of flame
             ... on level 3 of the Dungeon.
             The game lasted 00:00:14 (2066 turns).

qw the Shooter (Spriggan Hunter)                    Turns: 2066, Time: 00:00:14

Health: 0/26       AC:  2    Str:  5    XL:     5   Next: 35%
Magic:  6/6        EV: 20    Int: 10    God:
Gold:   176        SH:  0    Dex: 21    Spells: 4/4 levels left

rFire   . . .        a - +0 shortbow
rCold   . . .        (shield currently unavailable)
rNeg    . . .        c - +0 robe
rPois   .            (helmet restricted)
rElec   .            (no cloak)
rCorr   .            (gloves unavailable)
SInv    +            (boots unavailable)
Will    .....        (no amulet)
Stlth   ++           (no ring)
HPRegen 0.24/turn    (no ring)
MPRegen 0.10/turn

%: no passive effects
@: very quick
A: very small, no large weapons, unfitting armour, see invisible, speed 3, claws
1, weak 1
a: no special abilities


You were on level 3 of the Dungeon.
You visited 1 branch of the dungeon, and saw 3 of its levels.

You collected 176 gold pieces.


Innate Abilities, Weirdness & Mutations

You are very small and have problems with some larger weapons.
You are too small for most types of armour.
You have supernaturally acute eyesight. (SInv)
You cover ground extremely quickly. (Speed+++)
You have sharp fingernails.
You are weak. (Str -2)


   Skills:
 - Level 2.0 Fighting
 + Level 5.5 Ranged Weapons
 - Level 5.0 Dodging
 - Level 1.5 Stealth


You had 4 spell levels left.
You didn't know any spells.
Your spell library was empty.

Inventory:

Hand Weapons
 a - a +0 shortbow (weapon)
Armour
 c - a +0 robe (worn)
Jewellery
 d - a ring of protection from fire
 f - a ring of flight
 g - a +6 ring of strength
Scrolls
 h - a scroll of teleportation
Potions
 b - 3 potions of curing {unknown}
 e - a potion of lignification {unknown}

Dungeon Overview and Level Annotations

Branches:
Dungeon (3/15)

Altars:

Annotations:
D:3 Sigmund


Message History

b - 3 inky potions (gained 1)
There is a stone staircase leading down here.
Sigmund the Dreaded comes into view.
He is wielding a +1 scythe of protection and carrying a wand of flame.
Found 16 gold pieces.
Sigmund shouts!
A kobold comes into view.
It is wielding a +0 short sword and quivering poisoned darts.
You shoot an arrow.
The arrow hits Sigmund but does no damage.
Sigmund gestures at you while chanting. The puff of flame hits you!
You shoot an arrow. The arrow completely misses Sigmund.
You shoot an arrow. The arrow hits Sigmund!
Sigmund is moderately wounded.
A quokka comes into view.
You shoot an arrow. The arrow hits Sigmund!
Sigmund is heavily wounded.
Sigmund hits you from afar with a +1 scythe of protection!
You shoot an arrow.
The arrow hits Sigmund but does no damage.
Sigmund is heavily wounded.
Sigmund closely misses you.
You shoot an arrow. The arrow completely misses Sigmund.
Sigmund misses you.
You shoot an arrow. The arrow barely misses Sigmund.
The arrow hits the quokka!
You kill the quokka!
You shoot an arrow. The arrow barely misses Sigmund.
Sigmund casts a spell.
Sigmund flickers and vanishes for a moment.
You shoot an arrow.
The arrow hits Sigmund but does no damage.
Sigmund is heavily wounded.
Sigmund completely misses you.
You shoot an arrow. The arrow barely misses Sigmund.
Sigmund misses you.
You shoot an arrow. The arrow hits Sigmund.
Sigmund is severely wounded.
Sigmund points at you and mumbles some strange words.
The puff of flame hits you!
You die...
Sigmund begins carving another notch in his scythe.

. # .. .#.......#. ...
###. ......... ...$ #..
........ .....######.
.......
....K@..#...#######...##
#@#.##..........#
#.#.##.........)##
#.>............)))
#.....#..............##
...#..#.............###
. ....#........)....#..
.....#....#+########..
..#####....+ #.. ..
#....# #..


You could see Sigmund (invisible) and a kobold.

Vanquished Creatures
  A bombardier beetle (D:3)
  Robin (D:3)
  4 gnolls (D:3)
  3 adders
  3 dart slugs
  An orc (D:3)
  An endoplasm (D:2)
  3 giant cockroaches
  10 goblins
  7 hobgoblins
  3 jackals (D:3)
  6 quokkas
  5 ball pythons
  10 bats
  2 frilled lizards
  4 kobolds
  2 rats
66 creatures vanquished.

Notes
Turn   | Place    | Note
-------+----------+-------------------------------------------
     0 | D:1      | qw the Spriggan Hunter began the quest for the Orb.
     0 | D:1      | Reached XP level 1. HP: 10/10 MP: 2/2
     0 | D:1      | 0 ||| qw: Version: 0.3-a-160-g6735b56
     0 | D:1      | 0 ||| qw: Game counter: 5896
     0 | D:1      | 0 ||| qw: Melee chars always use a shield: true
     0 | D:1      | 0 ||| qw: God list: Okawaru
     0 | D:1      | 0 ||| qw: Allow faded altars: false
     0 | D:1      | 0 ||| qw: Do Orc after clearing Dungeon:15 true
     0 | D:1      | 0 ||| qw: Do second Lair branch before Depths: true
     0 | D:1      | 0 ||| qw: Lair rune preference: random
     0 | D:1      | 0 ||| qw: Goals: Normal
     0 | D:1      | 0 ||| PLANNING D:1-11
    62 | D:1      | Reached skill level 3 in Dodging
    96 | D:1      | Reached XP level 2. HP: 14/14 MP: 3/3
   215 | D:1      | Found a faded altar of an unknown god.
   398 | D:1      | 398 ||| READING scroll labelled BUWNOAZOIRR.
   399 | D:1      | 399 ||| READING scroll labelled TEAP BIPRI.
   400 | D:1      | 400 ||| READING scroll labelled DISOTUCAHU.
   404 | D:1      | 404 ||| READING scroll labelled NUUMIN HECE.
   405 | D:1      | 405 ||| READING scroll labelled XOUVIESAKH.
   405 | D:1      | 405 ||| ENCHANTING +0 shortbow.
   406 | D:1      | 406 ||| DROPPING scroll of butterflies.
   595 | D:2      | Reached XP level 3. HP: 18/18 MP: 4/4
  1103 | D:2      | 1103 ||| READING scroll labelled MINYTEAFEO.
  1204 | D:2      | 1204 ||| READING scroll labelled KIEPIU IHYO.
  1305 | D:2      | 1305 ||| DRINKING 2 bubbling emerald potions.
  1306 | D:2      | 1306 ||| DRINKING bubbling purple potion.
  1307 | D:2      | 1307 ||| DRINKING viscous white potion.
  1308 | D:2      | 1308 ||| DRINKING red potion.
  1309 | D:2      | 1309 ||| DRINKING fuming white potion.
  1309 | D:2      | Gained mutation: You are weak. (Str -2) [potion of
                  | mutation]
  1309 | D:2      | Gained mutation: You have sharp fingernails. [potion of
                  | mutation]
  1310 | D:2      | 1310 ||| DROPPING potion of ambrosia.
  1323 | D:3      | Reached XP level 4. HP: 22/22 MP: 5/5
  1327 | D:3      | Noticed Robin
  1334 | D:3      | Killed Robin
  1336 | D:3      | HP: 2/22 [hobgoblin[Robin] (5)]
  1983 | D:3      | Reached XP level 5. HP: 26/26 MP: 6/6
  2055 | D:3      | Noticed Sigmund
  2066 | D:3      | Killed from afar by Sigmund

Levels and vault maps discovered:
D:1:      minmay_arrival_solitary_statue, layout_rooms,
          shapermc_ecumenical_altar_flowoftime
D:2:      layout_basic
D:3:      layout_basic, uniq_robin, uniq_sigmund

Skill      XL: |  1  2  3  4  5 |
---------------+----------------+-----
Dodging        | 3 4 5 |  5.0
Ranged Weapons | 5 |  5.5
Fighting       | 2 |  2.0
Stealth        | |  1.5

Action                     |  1- 3 |  4- 6 || total
---------------------------+-------+-------++-------
   Fire: Shortbow          |    78 |   101 ||   179
    Use: Scroll            |     7 |       ||     7
         Potion            |     5 |       ||     5
 Armour: Robe              |     2 |    16 ||    18
  Dodge: Dodged            |    10 |    47 ||    57

Table legend:
 A = Non-vault XP
 B = Vault XP
 C = Vault XP percentage of total XP
 D = Non-vault monster count
 E = Vault monster count
 F = Vault count percentage of total count
                 A         B        C        D         E       F
            +---------+---------+-------+---------+---------+-------
      Total |     226 |      36 |  13.7 |      53 |      13 |  19.7
            +---------+---------+-------+---------+---------+-------
        D:1 |      24 |       0 |   0.0 |      17 |       0 |   0.0
        D:2 |      51 |       0 |   0.0 |      14 |       0 |   0.0
        D:3 |     151 |      36 |  19.3 |      22 |      13 |  37.1
            +---------+---------+-------+---------+---------+-------
